 Dungeon Crawl Stone Soup version 0.28.0-47-ge53b351184 (webtiles) character file.

Game seed: 2656243291120002504

39 hawla the Scratcher (level 3, 0/15 HPs)
             Began as a Felid Transmuter on May 2, 2022.
             Slain by an adder (4 damage)
             ... on level 2 of the Dungeon.
             The game lasted 00:05:35 (1654 turns).

hawla the Scratcher (Felid Transmuter)              Turns: 1654, Time: 00:05:36

Health: 0/15       AC:  1    Str:  8    XL:     3   Next: 26%
Magic:  6/7        EV: 17    Int: 14    God:
Gold:   25         SH:  0    Dex: 16    Spells: 3/6 levels left
                                        Lives:  0   Deaths: 0

rFire   . . .      SeeInvis +     - Unarmed
rCold   . . .      Faith    .   (shield unavailable)
rNeg    . . .      Spirit   .   (armour unavailable)
rPois   .          Reflect  .   (helmet unavailable)
rElec   .          Harm     .   (cloak unavailable)
rCorr   .          Rampage  .   (gloves unavailable)
Will    .....                   (boots unavailable)
Stlth   ++........              (no amulet)
HPRegen 0.05/turn               (no ring)
MPRegen 0.10/turn               (no ring)

@: appendages, quick
A: horns 2, very small, claws 1, fangs 3, see invisible, speed 1, shaggy fur 1,
stealthy paws, no weapons or thrown items, no armour, multi-lived
a: End Transformation


You were on level 2 of the Dungeon.
You had temporarily grown beastly horns.
You visited 1 branch of the dungeon, and saw 2 of its levels.

You collected 25 gold pieces.

Inventory:

Jewellery
 a - the ring of Internal Strife {Fire rPois}
   (You acquired it on level 2 of the Dungeon)

   [ring of fire]

   It enhances your fire magic.
   rF:        It protects you from fire.
   rC:        It makes you vulnerable to cold.
   rPois:     It protects you from poison.
 b - a ring of resist corrosion
Scrolls
 c - a scroll of immolation
 d - a scroll of identify {unknown}
 e - a scroll of fog


   Skills:
 - Level 1.0 Fighting
 - Level 3.0 Dodging
 - Level 0.9 Stealth
 - Level 3.9 Unarmed Combat
 - Level 2.1 Spellcasting
 + Level 2.3 Transmutations


You had 3 spell levels left.
You knew the following spells:

 Your Spells              Type           Power      Damage    Failure   Level
a - Beastly Appendage     Tmut           16%        N/A       9%          1
b - Wereblood             Tmut           8%         N/A       13%         2

Your spell library contained the following spells:

 Spells                   Type           Power      Damage    Failure   Level
 Spider Form              Tmut/Pois      4%         N/A       41%         3
 Ice Form                 Ice/Tmut       4%         N/A       82%         4
 Blade Hands              Tmut           4%         N/A       94%         5
 Irradiate                Conj/Tmut      2%         3d14      99%         5
 Dragon Form              Tmut           4%         N/A       100%        7


Dungeon Overview and Level Annotations

Branches:
Dungeon (2/15)

Altars:


Innate Abilities, Weirdness & Mutations

You have temporarily grown beastly horns.
You have sharp claws.
You have razor-sharp teeth.
You have supernaturally acute eyesight. (SInv)
You cover ground quickly. (Speed+)
You are covered in fur. (AC +1)
Your paws help you pounce on unaware monsters.
You are incapable of wielding weapons or throwing items.
You cannot wear armour.
You gain extra lives every three experience levels.


Message History

A rat comes into view.
A rat is nearby!
The rat bites you but does no damage.
You barely miss the rat. You bite the rat.
You kill the rat!
No target in view!
No target in view!
d - a scroll labelled WAOLUS RAAVEU An adder comes into view.
The adder hisses angrily.
The adder moves out of view.
An adder is nearby!
An adder is nearby!
You scratch the adder but do no damage. The adder completely misses you.
You barely miss the adder. The adder bites you.
You are poisoned.
The adder poisons you!
You barely miss the adder.
You feel sick.
An adder comes into view.
The adder barely misses you.
The adder hisses angrily.
You scratch the adder.
The adder is heavily wounded.
You feel sick. The adder bites you.
You barely miss the adder.
The adder is heavily wounded.
You feel sick. The adder completely misses you.
Unknown command.
You feel sick. The adder barely misses you.
You feel sick.
You aren't carrying any potions.
Casting: Beastly Appendage (safe; 9% risk of failure)
Confirm with . or Enter, or press ? or * to list all spells.
You grow a pair of large bovine horns.
You feel sick. The adder barely misses you. The adder completely misses you.
You are too injured to fight recklessly!
You closely miss the adder. Your headbutt misses the adder.
You feel sick.
You are no longer poisoned.
The adder bites you.
You die...

#.##....... ... ... .# #.##.##[..
..###.##.# #.##.###.####.##.... #
#..#.#......#.##..# #
##.#.#........##..## #
#.#.#...##.#.##.#.##### ####
#.#..#.......#.###..... ...#
#...###S#.....## ##..#.
...###########.#@##.##.#.###.....
.........# #..##.##.##.#......
########.#######.......###..#....
# #......# ####.#######.##.#. #
###...##.# ##.## #........ #
###...)....# ###..†####.####.#.
#..........###...(.............
#.#........##......#...#.#...#. #
###....#.##..)....#.#...#.#..


You could see an adder.

Vanquished Creatures
  2 dart slugs (D:1)
  An endoplasm (D:2)
  4 giant cockroaches (D:1)
  4 hobgoblins
  6 jackals
  A quokka (D:2)
  A ball python (D:1)
  A bat (D:2)
  2 frilled lizards
  2 goblins
  5 kobolds
  3 rats
32 creatures vanquished.

Notes
Turn   | Place    | Note
-------+----------+-------------------------------------------
     0 | D:1      | hawla the Felid Transmuter began the quest for the Orb.
     0 | D:1      | Reached XP level 1. HP: 9/9 MP: 4/4
   118 | D:1      | You fall into a shaft and drop 1 floor!
   118 | D:2      | Found a faded altar of an unknown god.
   173 | D:2      | Reached XP level 2. HP: 11/12 MP: 6/6
   881 | D:1      | Reached XP level 3. HP: 13/15 MP: 5/7
  1505 | D:1      | Learned a level 2 spell: Wereblood
  1583 | D:2      | Identified a scroll of acquirement
  1583 | D:2      | Acquired the ring of Internal Strife {Fire rPois}
  1654 | D:2      | Slain by an adder

Illustrated notes

Levels and vault maps discovered:
D:1:      minmay_arrival_up_and_down, layout_loops_ring
D:2:      layout_loops_cross, shapermc_ecumenical_altar_venn,
          minmay_splitting_lines

Skill      XL: |  1  2  3 |
---------------+----------+-----
Dodging        | 3 |  3.0
Fighting       | |  1.0
Stealth        | |  0.9
Unarmed Combat | |  3.9
Spellcasting   | |  2.1
Transmutations | |  2.3

Action                   || total
-------------------------++-------
Melee: Unarmed           ||    81
       Punch             ||     4
       Bite              ||     7
       Headbutt          ||     2
 Cast: Beastly Appendage ||     4
  Use: Potion            ||     1
       Scroll            ||     5
 Stab: Sleeping          ||     4
Armor: Skin              ||     1
Dodge: Dodged            ||    56
